 Dungeon Crawl Stone Soup version 0.31-a0-43-g46d131a48f (webtiles) character file.

Game seed: 14729923036860312067

3022 Sabo the Cudgeller (level 9, -1/47 HPs)
             Began as a Vine Stalker Fighter on May 19, 2023.
             Was an Elder of Okawaru.
             Killed by divine providence
             ... invoked by an orc priest
              (11 damage)
             ... on level 7 of the Dungeon.
             The game lasted 00:36:15 (6402 turns).

Sabo the Cudgeller (Vine Stalker Fighter)           Turns: 6402, Time: 00:36:16

Health: -1/47      AC: 14    Str: 27    XL:     9   Next: 85%
Magic:  0/10       EV: 15    Int:  9    God:    Okawaru [****..]
Gold:   331        SH:  6    Dex: 19    Spells: 8/8 levels left

rFire   . . .        B - +7 mace of Greatest Utility {heavy, rN+ Int+2 Dex+4}
rCold   + . .        c - +0 buckler
rNeg    + . .        H - +0 chain mail
rPois   .            n - +2 helmet
rElec   .            (no cloak)
rCorr   .            (no gloves)
SInv    .            v - +0 pair of boots
Will    +....        (no amulet)
Stlth   +            t - ring of protection from cold
HPRegen 1.07/turn    x - +5 ring of evasion
MPRegen 0.12/turn

%: guardian spirit
@: mighty, studying Short Blades
A: fangs 3, regeneration 1, magic shield, antimagic bite, no potion heal 2,
talons 1, thin skeletal structure 1, strong 1
a: Renounce Religion, Heroism, Finesse


You were on level 7 of the Dungeon.
You worshipped Okawaru.
Okawaru was greatly pleased with you.
You visited 1 branch of the dungeon, and saw 7 of its levels.
You also visited: Ossuary.

You collected 331 gold pieces.

Inventory:

Hand Weapons
 a - a +0 war axe
 b - the +8 short sword "Hydrabane" {antimagic, *Corrode Fly rElec rN+}
   (You found it on level 4 of the Dungeon)

   rElec:     It insulates you from electricity.
   rN:        It protects you from negative energy.
   Fly:       It grants you flight.
   *Corrode:  It may corrode you when you take damage.
 o - a +0 sling
 u - a +3 halberd of freezing
 B - the +7 mace of Greatest Utility (weapon) {heavy, rN+ Int+2 Dex+4}
   (You found it on level 3 of the Dungeon)

   Int:       It affects your intelligence (+2).
   Dex:       It affects your dexterity (+4).
   rN:        It protects you from negative energy.
Missiles
 r - 5 boomerangs of dispersal (quivered)
Armour
 c - a +0 buckler (worn)
 n - a +2 helmet (worn)
 v - a +0 pair of boots (worn)
 H - a +0 chain mail (worn)
Jewellery
 s - an amulet of faith
 t - a ring of protection from cold (left hand)
 x - a +5 ring of evasion (right hand)
Wands
 y - a wand of flame (22)
Scrolls
 e - 2 scrolls of blinking
 f - a scroll of noise {unknown}
 h - 8 scrolls of teleportation
 j - 2 scrolls of fear
 k - a scroll of fog {unknown}
 p - a scroll of brand weapon {unknown}
 E - a scroll of magic mapping
Potions
 l - 2 potions of magic
 w - 2 potions of lignification {unknown}
 z - a potion of resistance {unknown}
 A - 4 potions of berserk rage
 C - a potion of invisibility
 D - 3 potions of curing
 F - a potion of haste
 G - a potion of cancellation {unknown}


   Skills:
 + Level 5.3 Fighting
 + Level 2.2 Short Blades
 + Level 2.7(5.1) Axes
 + Level 6.6(6.9) Maces & Flails
 + Level 5.9 Armour
 + Level 3.0 Dodging
 + Level 2.0 Stealth
 + Level 5.3 Shields


You had 8 spell levels left.
You didn't know any spells.
Your spell library contained the following spells:

 Spells                   Type           Power      Damage    Failure   Level
 Slow                     Hex            0%         N/A       90%         1
 Blink                    Tloc           0%         N/A       97%         2
 Ensorcelled Hibernation  Hex/Ice        0%         N/A       97%         2
 Lesser Beckoning         Tloc           0%         N/A       97%         2
 Momentum Strike          Conj/Tloc      0%         3d8       97%         2
 Passwall                 Tmut/Erth      0%         N/A       97%         2
 Confusing Touch          Hex            0%         N/A       99%         3
 Gell's Gravitas          Tloc           0%         N/A       99%         3
 Ozocubu's Armour         Ice            0%         N/A       99%         3
 Swiftness                Air            0%         N/A       99%         3
 Teleport Other           Tloc           0%         N/A       99%         3
 Vampiric Draining        Necr           0%         2d6       99%         3
 Metabolic Englaciation   Hex/Ice        0%         N/A       100%        5
 Dispersal                Tloc           0%         N/A       100%        6
 Enfeeble                 Hex            0%         N/A       100%        7
 Tukima's Dance           Hex            Unusable   N/A       N/A         3
 Simulacrum               Ice/Necr       Unusable   N/A       N/A         6

Dungeon Overview and Level Annotations

Branches:
Dungeon (7/15)             Temple (0/1) D:7         Ossuary (visited)

Altars:
Nemelex Xobeh
Okawaru


Innate Abilities, Weirdness & Mutations

You have razor-sharp teeth.
Your natural rate of healing is unusually fast.
When hurt, damage is shared between your health and your magic reserves.
Your bite disrupts and absorbs the magic of your enemies.
Potions cannot restore your health.
You have sharp toenails.
You have a somewhat thin skeletal structure. (Dex +2, Stealth+)
Your muscles are strong. (Str +4, Int/Dex -1)


Message History

* * * LOW HITPOINT WARNING * * *
The orc priest calls down the wrath of Beogh upon you.
Beogh smites you!
* * * LOW HITPOINT WARNING * * *
You bludgeon the orc warrior!! You bite the orc warrior.
You kill the orc warrior!
Okawaru accepts your kill.
An orc wizard appears from thin air!
Reactivating autopickup.
The orc closely misses you.
Your Stealth skill increases to level 2!
You closely miss the orc. Your bite misses the orc.
The orc closely misses you. x2
You barely miss the orc. You bite the orc. You drain its power.
You feel invigorated.
The orc is lightly wounded.
The orc barely misses you. The orc misses you.
The orc wizard mumbles some strange words.
The orc wizard flickers and vanishes!
Deactivating autopickup; reactivate with Ctrl-A.
Something hits you but does no damage. The orc hits you but does no damage. x2
You sock the orc!
You kill the orc!
Okawaru accepts your kill. The orc closely misses you.
You hear some strange, mumbled words.
Something tries to affect you, but you resist.
You thump the orc!
You kill the orc!
Okawaru accepts your kill.
You hear some strange, mumbled words.
A magic dart appears from out of thin air!
The magic dart hits you!
* * * LOW HITPOINT WARNING * * *
You block the orc's attack. Something hits you but does no damage.
You completely miss the orc. Something hits you but does no damage.
You feel very mighty all of a sudden. The orc hits you but does no damage.
The orc priest invokes the aid of Beogh against you.
Beogh smites you!
You die...

.....)....o....
#........#
####..##.# #..#
########..#
..........##
######.....#
##{o...#
##@oo...#
#.o#...##
#'###.## #P.P
#.#######
P...P#........
P.>.P#...#####
#P...P#..## #
##PPP##.## .#
######.#
###(###


You could see an orc priest and 3 orcs.

Vanquished Creatures
  A hornet (D:5)
  A wraith (Ossuary)
  Sigmund (D:6)
  A wyvern (D:7)
  Eustachio (D:6)
  Edmund (D:6)
  2 water moccasins
  3 ice beasts
  An orc warrior (D:7)
  2 black bears
  An ogre (D:6)
  3 scorpions
  A gnoll sergeant (D:5)
  A wight (D:4)
  4 killer bees (D:5)
  4 centaur zombies (Ossuary)
  3 hounds
  2 orc priests
  A gnoll bouda (D:6)
  3 iguanas
  3 orc wizards
  2 scorpion zombies (Ossuary)
  9 adders
  7 gnolls
  2 white imps (D:6)
  4 adder zombies (Ossuary)
  A worm (D:4)
  13 orcs
  6 endoplasms
  4 gnoll zombies (Ossuary)
  8 goblins
  9 hobgoblins
  4 quokkas
  9 ball pythons
  11 bats
  5 frilled lizards
  2 goblin zombies (Ossuary)
  2 hobgoblin zombies (Ossuary)
  3 kobolds
  An orc zombie (Ossuary)
  6 rats
  A rat zombie (D:5)
149 creatures vanquished.

Notes
Turn   | Place    | Note
-------+----------+-------------------------------------------
     0 | D:1      | Sabo the Vine Stalker Fighter began the quest for the Orb.
     0 | D:1      | Reached XP level 1. HP: 11/11 MP: 2/2
   109 | D:1      | Reached XP level 2. HP: 16/16 MP: 3/3
   596 | D:1      | Reached XP level 3. HP: 20/20 MP: 4/4
  1061 | D:2      | Got the Dissertation on Malediction
  1790 | D:3      | Gained mutation: Your natural rate of healing is unusually
                  | fast. [Vine Stalker growth]
  1790 | D:3      | Reached XP level 4. HP: 18/24 MP: 5/5
  1841 | D:3      | Found a faded altar of an unknown god.
  2026 | D:3      | Reached XP level 5. HP: 28/28 MP: 6/6
  2034 | D:3      | Reached skill level 1 in Short Blades
  2034 | D:3      | Reached skill level 1 in Dodging
  2159 | D:3      | Found an iron altar of Okawaru.
  2179 | D:3      | Identified the +7 mace of Greatest Utility {heavy, rN+
                  | Int+2 Dex+4}
  2188 | D:3      | Became a worshipper of Warmaster Okawaru
  2524 | D:3      | Found a sparkling altar of Nemelex Xobeh.
  3150 | D:4      | Reached skill level 1 in Stealth
  3150 | D:4      | Reached XP level 6. HP: 32/32 MP: 7/7
  3545 | D:4      | Identified the +8 short sword "Hydrabane" {antimagic,
                  | *Corrode Fly rElec rN+}
  3584 | D:4      | Reached skill level 1 in Maces & Flails
  3886 | D:5      | Entered Level 5 of the Dungeon
  3918 | D:5      | Noticed a hornet
  3922 | D:5      | Killed a hornet
  3922 | D:5      | Reached * piety under Okawaru
  3923 | D:5      | Reached skill level 2 in Maces & Flails
  3923 | D:5      | Reached XP level 7. HP: 16/37 MP: 4/8
  3992 | D:5      | Found a sand-covered staircase.
  4015 | Ossuary  | Entered an ossuary
  4166 | Ossuary  | Reached ** piety under Okawaru
  4167 | Ossuary  | Reached skill level 3 in Maces & Flails
  4197 | Ossuary  | Noticed a wraith
  4203 | Ossuary  | Killed a wraith
  4204 | Ossuary  | Gained mutation: You have razor-sharp teeth. [Vine Stalker
                  | growth]
  4204 | Ossuary  | Reached XP level 8. HP: 18/42 MP: 4/9
  4226 | Ossuary  | Noticed a silent spectre
  4293 | D:5      | Reached skill level 4 in Maces & Flails
  4631 | D:5      | Reached *** piety under Okawaru
  4697 | D:5      | HP: 2/42 [killer bee (2)]
  4702 | D:5      | HP: 1/42 [killer bee (3)]
  4704 | D:5      | Reached skill level 5 in Maces & Flails
  5076 | D:6      | Reached XP level 9. HP: 46/46 MP: 10/10
  5078 | D:6      | Reached skill level 5 in Armour
  5298 | D:6      | Noticed Eustachio
  5323 | D:6      | Killed Eustachio
  5323 | D:6      | Reached **** piety under Okawaru
  5551 | D:6      | Reached skill level 5 in Fighting
  5551 | D:6      | Reached skill level 6 in Maces & Flails
  5551 | D:6      | Reached skill level 5 in Shields
  5648 | D:6      | Noticed Sigmund
  5653 | D:6      | Killed Sigmund
  5819 | D:6      | Noticed Edmund
  5825 | D:6      | Killed Edmund
  6259 | D:6      | Gained mutation: You have a pair of small horns on your
                  | head. [potion of mutation]
  6259 | D:6      | Gained mutation: You passively map a small area around you.
                  | [potion of mutation]
  6265 | D:6      | Lost mutation: You passively map a small area around you.
                  | [potion of mutation]
  6265 | D:6      | Lost mutation: You have a pair of small horns on your head.
                  | [potion of mutation]
  6265 | D:6      | Gained mutation: You have sharp toenails. [potion of
                  | mutation]
  6265 | D:6      | Gained mutation: Your muscles are strong. (Str +4, Int/Dex
                  | -1) [potion of mutation]
  6265 | D:6      | Gained mutation: You have a somewhat thin skeletal
                  | structure. (Dex +2, Stealth+) [potion of mutation]
  6365 | D:7      | Found a staircase to the Ecumenical Temple.
  6402 | D:7      | Killed from afar by an orc priest

Illustrated notes

Levels and vault maps discovered:
D:1:      roderic_dead_forest, layout_basic
D:2:      layout_loops_ring, kennysheep_generic_room_4
D:3:      layout_loops_cross, nemelex_diamond_rough_becter,
          okawaru_ov_weapons_minmay, shapermc_ecumenical_altar_pompeii
D:4:      minmay_evil_eye, layout_loops_corners, chequers_serial_rivers_large_a,
          hangedman_decor_diamond_cutter, minmay_manual_monstrance
D:5:      layout_loops_cross, enter_ossuary_3
D:6:      layout_loops_ring, uniq_sigmund, uniq_eustachio, uniq_edmund
D:7:      minmay_spotlight, layout_loops_ring,
          minmay_temple_entry_enclosed_plants, gammafunk_ghost_nasty_kobolds

Skill      XL: |  1  2  3  4  5  6  7  8  9 |
---------------+----------------------------+-----
Fighting       | 3 4 5 |  5.3
Shields        | 3 4 5 |  5.3
Axes           | 2 |  2.7
Armour         | 3 4 5 |  5.9
Short Blades   | 1 2 |  2.2
Dodging        | 1 2 3 |  3.0
Stealth        | 1 2 |  2.0
Maces & Flails | 2 3 5 6 |  6.6

Action                     |  1- 3 |  4- 6 |  7- 9 || total
---------------------------+-------+-------+-------++-------
  Melee: War axe           |    69 |       |       ||    69
         Bite              |    23 |    13 |    42 ||    78
         Short sword       |    30 |    32 |       ||    62
         Mace              |       |    46 |   172 ||   218
    Use: Scroll            |     2 |     4 |     1 ||     7
         Potion            |       |       |    15 ||    15
 Armour: Scale mail        |    47 |    24 |       ||    71
         Chain mail        |       |     2 |   128 ||   130
  Dodge: Dodged            |    52 |    54 |   210 ||   316
  Block: Buckler           |    30 |    18 |    90 ||   138

Table legend: (Time is in decaauts)
 A = Elapsed time spent in this place.
 B = Non-inter-level travel time spent in this place.
 C = Inter-level travel time spent in this place.
 D = Time resting spent in this place.
 E = Time spent auto-exploring this place.
 F = Levels seen in this place.
 G = Mean time per level.
                   A        B        C        D        E       F      G
               +--------+--------+--------+--------+--------+-----+--------+
         Total |   6627 |   6627 |      0 |    694 |      0 |   8 |  828.4 |
       Dungeon |   6319 |   6319 |      0 |    661 |      0 |   7 |  902.7 |
       Ossuary |    307 |    307 |      0 |     33 |      0 |   1 |  307.0 |
               +--------+--------+--------+--------+--------+-----+--------+

Top non-repeatable levels by time:
     D:6: 1287 daAuts
     D:4: 1197 daAuts
     D:5: 974 daAuts
     D:3: 970 daAuts
     D:2: 932 daAuts
     D:1: 872 daAuts
 Ossuary: 307 daAuts
     D:7: 85 daAuts
